 Dungeon Crawl Stone Soup version 0.27-a0-909-g0721f309d1 (webtiles) character file.

Game seed: 13176025543780519489

21 olmar the Magician (level 2, 21/21 HPs)
             Began as a Djinni Hedge Wizard on Mar 24, 2021.
             Got out of the dungeon alive.
             The game lasted 00:02:18 (1299 turns).

olmar the Magician (Djinni Hedge Wizard)            Turns: 1299, Time: 00:02:18

Health: 21/21      AC:  2    Str:  9    XL:     2   Next: 83%
Gold:   38         EV: 12    Int: 15    God:
                   SH:  0    Dex: 12

rFire    + + .     SeeInvis .   g - staff of earth
rCold    x . .     Faith    .   (no shield)
rNeg     . . .     Spirit   .   b - +0 robe
rPois    ∞         Reflect  .   c - +0 hat
rElec    .         Harm     .   (no cloak)
rCorr    .         Rampage  .   (no gloves)
Will     .....                  (boots unavailable)
Stlth    ++........             (no amulet)
HPRegen  0.07/turn              (no ring)
MPRegen  0.00/turn              (no ring)

@: flying
A: fire resistance 2, cold vulnerability 1, float, innate caster, hp casting,
extra vitality 1
a: no special abilities


You escaped.
You visited 1 branch of the dungeon, and saw 2 of its levels.

You collected 38 gold pieces.

Inventory:

Hand Weapons
 a - a +0 dagger
Armour
 b - a +0 robe (worn)
 c - a +0 hat (worn)
Magical Staves
 g - a staff of earth (weapon)
Scrolls
 d - a scroll of amnesia {unknown}
 f - a scroll of teleportation {unknown}
Potions
 e - a potion of mutation {unknown}


   Skills:
 + Level 2.2 Dodging
 + Level 1.6 Stealth
 + Level 3.4 Spellcasting


You couldn't memorise any spells.
You knew the following spells:

 Your Spells              Type           Power      Damage    Failure   Level
a - Magic Dart            Conj           48%        1d5       4%          1
b - Blink                 Tloc           N/A        N/A       7%          2
c - Call Imp              Summ           12%        N/A       7%          2
d - Slow                  Hex            12%        N/A       7%          2
e - Conjure Flame         Conj/Fire      12%        6-21      14%         3
f - Mephitic Cloud        Conj/Pois/Air  12%        N/A       14%         3
Your spell library was empty.

Dungeon Overview and Level Annotations

Branches:
Dungeon (2/15)

Altars:


Innate Abilities, Weirdness & Mutations

You are immune to poison.
Your flesh is very heat resistant. (rF++)
You are vulnerable to cold. (rC-)
You float through the air rather than walking.
You learn spells naturally, not from books.
Your magical power is your life essence.
You have superior vitality. (+4 HP)


Message History

The rat bites you.
You barely miss the rat.
The rat is severely wounded.
The rat misses you. The rat bites you but does no damage.
You closely miss the rat.
The rat is severely wounded.
The rat completely misses you.
You hit the rat.
You kill the rat!
No target in view!
No target in view!
No target in view!
Unknown command.
Save game and exit?
Welcome back, olmar the Djinni Hedge Wizard.
Press ? for a list of commands and other information.
Unknown command.
Okay, then.
Cast which spell? (? or * to list)
You don't know that spell.
Okay, then.
Okay, then.
There are no items here.
(D) Dungeon
Where to? (? - help) HP restored.
There is a stone staircase leading up here.
You fly upwards.
There is a stone staircase leading down here.
(D) Dungeon
Where to? (Enter - D:1, ? - help)
Okay, then.
Unknown command.
You see here a +0 short sword.
There is an open door here.
There is an open door here.
There is a dry fountain, spattered with blood here.
There is a staircase leading out of the dungeon here.
Are you sure you want to leave the Dungeon?
This will make you lose the game!
You have escaped!

..''.........# #.#.....# #......
..#..........# #.#.....# #.#....
..#...######## #.'.....# #.#....
..#...# ###.....# #.##.## ###...#
#.....# #.##..# ##### #.....#
#.##..# #########'## #......
#⌠...⌠# #.####..###. ######
#..@..# #........... #....#
#.....# ####.#.####. #....#
#..>..# #.......... #....#
#⌠...⌠## #.#.#.##... #....#
######.###...#...†..
####....############.##.#.#.#####
........'...#....##.###.#.....#
####....###.#.##..#.# #.#.#.#.#
#....# #†#.##...####.#.#.#.###


There were no monsters in sight!

Vanquished Creatures
  A ball python (D:1)
  2 bats (D:1)
  An endoplasm (D:1)
  A giant cockroach (D:1)
  3 goblins (D:1)
  3 hobgoblins (D:1)
  2 kobolds (D:1)
  2 frilled lizards (D:1)
  3 rats
18 creatures vanquished.

Notes
Turn   | Place    | Note
-------+----------+-------------------------------------------
     0 | D:1      | olmar the Djinni Hedge Wizard began the quest for the Orb.
     0 | D:1      | Reached XP level 1. HP: 15/15 MP: 0/0
   284 | D:1      | Reached skill level 3 in Spellcasting
   393 | D:1      | Reached XP level 2. HP: 19/21 MP: 0/0
  1219 | D:2      | Upgraded the game from 0.27-a0-732-ga892ba84f6 to
                  | 0.27-a0-909-g0721f309d1
  1299 | D:$      | Got out of the dungeon alive.

Illustrated notes

Levels and vault maps discovered:
D:1:      amcnicky_arrival_gap_in_the_tavern_cellar, layout_basic
D:2:      layout_loops_ring, serial_bayou_pond_b, nrook_campfire,
          minmay_misc_feat_nine_boxes

Skill      XL: |  1 |
---------------+----+-----
Spellcasting   | 3 |  3.4
Dodging        | |  2.2
Stealth        | |  1.6

Action                   || total
-------------------------++-------
Melee: Dagger            ||    11
       Staff             ||     7
 Cast: Magic Dart        ||    36
Armor: Robe              ||     7
Dodge: Dodged            ||    10

Table legend: (Time is in decaauts)
 A = Elapsed time spent in this place.
 B = Non-inter-level travel time spent in this place.
 C = Inter-level travel time spent in this place.
 D = Time resting spent in this place.
 E = Time spent auto-exploring this place.
 F = Levels seen in this place.
 G = Mean time per level.
                   A        B        C        D        E       F      G
               +--------+--------+--------+--------+--------+-----+--------+
         Total |   1300 |   1203 |     97 |      2 |   1110 |   2 |  650.0 |
       Dungeon |   1300 |   1203 |     97 |      2 |   1110 |   2 |  650.0 |
               +--------+--------+--------+--------+--------+-----+--------+

Top non-repeatable levels by time:
     D:1: 1278 daAuts
     D:2: 22 daAuts
